 Dungeon Crawl Stone Soup version 0.27-a0-1301-g128193a (webtiles) character file.

Game seed: 6034161315870073849

4080 Meow the Covert (level 10, 94/94 HPs)
             Began as a Naga Venom Mage on June 16, 2021.
             Was an Initiate of Gozag.
             Quit the game in a bailey on June 17, 2021.
             The game lasted 00:31:56 (8883 turns).

Meow the Covert (Naga Venom Mage)                   Turns: 8883, Time: 00:31:56

Health: 94/94      AC:  6    Str: 10    XL:     10   Next: 25%
Magic:  13/21      EV:  9    Int: 20    God:    Gozag
Gold:   696        SH:  0    Dex: 11    Spells: 12/24 levels left

rFire    + . .     SeeInvis +   a - +11 quick blade of the Rattlesnake {vorpal, rF+ SInv}
rCold    . . .     Faith    .   (no shield)
rNeg     . . .     Spirit   .   b - +0 robe
rPois    +         Reflect  .   (no helmet)
rElec    .         Harm     .   u - +0 cloak
rCorr    .         Rampage  .   l - +0 pair of gloves
Will     +....                  (no barding)
Stlth    ++++......             (no amulet)
HPRegen  0.25/turn              (no ring)
MPRegen  0.17/turn              (no ring)

@: studying Fighting, very slow
A: AC +3, large, see invisible, deformed body, poison resistance, slowness 2,
spit poison 1, naga tail 1
a: Spit Poison, Renounce Religion, Potion Petition, Call Merchant, Bribe Branch


You were in a bailey.
You worshipped Gozag.
Gozag was pleased with you.
You visited 2 branches of the dungeon, and saw 8 of its levels.
You also visited: Bailey.

You collected 740 gold pieces.
You paid 44 gold pieces to Gozag.

Inventory:

Hand Weapons
 a - the +11 quick blade of the Rattlesnake (weapon) {vorpal, rF+ SInv}
   (You acquired it on level 6 of the Dungeon)

   It inflicts extra damage upon your enemies.
   It protects you from fire.
   It lets you see invisible.
 o - a +0 hunting sling
Missiles
 c - 293 stones
 d - 302 bolts
 f - 34 arrows
 i - 5 atropa-tipped darts
 y - 17 poisoned darts (quivered)
 A - 5 curare-tipped darts
Armour
 b - a +0 robe (worn)
 l - a +0 pair of gloves (worn)
 u - a +0 cloak (worn)
Wands
 r - a wand of mindburst (11)
 x - a wand of flame (6)
Scrolls
 e - a scroll of teleportation
 j - 5 scrolls of enchant weapon {unknown}
 p - a scroll of immolation {unknown}
 t - a scroll of enchant armour {unknown}
 v - 3 scrolls of amnesia {unknown}
 B - a scroll of blinking {unknown}
 C - a scroll of holy word {unknown}
Potions
 g - a potion of mutation
 k - 4 potions of curing
 n - 2 potions of might
 s - a potion of haste {unknown}
 w - a potion of attraction {unknown}
 z - a potion of brilliance
 D - a potion of heal wounds {unknown}


   Skills:
 + Level 7.4 Fighting
 - Level 1.5 Dodging
 - Level 10.0 Stealth
 + Level 7.6 Spellcasting
 + Level 4.9 Conjurations
 - Level 1.0 Transmutations
 - Level 8.0 Poison Magic


You had 12 spell levels left.
You knew the following spells:

 Your Spells              Type           Power      Damage    Failure   Level
a - Sting                 Tmut/Pois      100%       1d8       1%          1
b - Iskenderun's Battles  Conj           27%        2d8       32%         5
c - Mephitic Cloud        Conj/Pois/Air  24%        N/A       4%          3
C - Ignite Poison         Fire/Tmut/Pois 19%        N/A       8%          3

Your spell library contained the following spells:

 Spells                   Type           Power      Damage    Failure   Level
 Poisonous Vapours        Pois/Air       46%        N/A       2%          2
 Olgreb's Toxic Radiance  Pois           39%        N/A       3%          4
 Spider Form              Tmut/Pois      12%        N/A       4%          3
 Beastly Appendage        Tmut           22%        N/A       6%          1
 Animate Skeleton         Necr           14%        N/A       9%          1
 Pain                     Necr           28%        1d5       9%          1
 Wereblood                Tmut           11%        N/A       9%          2
 Vampiric Draining        Necr           3%         2d6       26%         3
 Ice Form                 Ice/Tmut       9%         N/A       58%         4
 Animate Dead             Necr           3%         N/A       65%         4
 Agony                    Necr           7%         N/A       94%         5
 Silence                  Hex/Air        3%         N/A       94%         5
 Iron Shot                Conj/Erth      8%         9d3       99%         6
 Storm Form               Tmut/Air       4%         N/A       100%        7


Dungeon Overview and Level Annotations

Branches:
Dungeon (7/15)             Temple (1/1) D:4          Bailey (1/1)

Altars:
Cheibriados
Elyvilon
Fedhas
Gozag
Hepliaklqana
Kikubaaqudgha
Makhleb
Nemelex Xobeh
Okawaru
Qazlal
Ru
Sif Muna
Trog
Uskayaw
Vehumet
Wu Jian
Xom
Yredelemnul
Zin

Annotations:
D:6 2 transporters, Scriper's ghost, novice DECj


Innate Abilities, Weirdness & Mutations

Your serpentine skin is tough. (AC +3)
You have supernaturally acute eyesight. (SInv)
Armour fits poorly on your strangely shaped body.
Your system is resistant to poisons. (rPois)
You cover ground very slowly.
You can spit poison.
You have a snake-like lower body.


Message History

The ball explodes into a vile cloud!
The stinking cloud engulfs the orc warrior but does no damage.
The orc warrior is engulfed in noxious fumes.
The orc warrior appears confused.
The orc warrior is engulfed in noxious fumes.
The orc warrior appears confused.
Unknown command.
Casting: Mephitic Cloud (mildly dangerous; 4% risk of failure)
Confirm with . or Enter, or press ? or * to list all spells.
You ignite the poison in your surroundings!
You have got your breath back.
The orc warrior is engulfed in blazing flames. x2
The orc warrior hits the orc warrior with a +0 glaive!
The orc warrior hits itself with a +0 glaive!
Unknown command.
You puncture the orc warrior!
You kill the orc warrior!
Unknown command.
The orc warrior is engulfed in blazing flames.
You kill the orc warrior!
You now have 693 gold pieces (gained 6).
Things that are here:
a +0 halberd; a +0 scale mail Really slither into that cloud of flame? [Y]es or [N]o only, please.
Really slither into that cloud of flame?
Okay, then.
You now have 696 gold pieces (gained 3).
j - 5 scrolls labelled DUOHUKHL WUUNKE (gained 3)
Things that are here:
a +0 glaive; a +0 plate armour
Found a gate leading back out of this place.
Found a roughly hewn altar of Beogh.
Found a gate leading back out of this place.
There is an open gate here.
Found a spear.
There is an open door here.
You pick up a manual of Fighting and begin studying.
Done exploring.
Are you sure you want to abandon this character and quit the game? (Confirm with "yes".)

..≈..^..≈...............≈..^.)≈..
..≈##.∩#≈...............≈#∩.##≈..
..≈≈#.#.≈......###......≈.#.#≈≈..
...≈≈≈≈≈....#########....≈≈≈≈≈...
...........##....)..##...........
..........##..#'#'#..##..........
..........#..##)#.##.)#..........
.........##.#########.##.........
.........##.')#)@.#.).##.........
.........##.###._.###.##.........
.........##.'.#...#)'.##.........
.........##.####'####.##.........
..........#.)##∩.∩##..##.........
..........##).#'''##.............
...........##.....##.............
...≈≈≈≈≈....##....##.....≈≈≈≈≈...
..≈≈#.#.≈....#######....≈.#)#≈≈..


There were no monsters in sight!

Vanquished Creatures
  An orc knight (Bailey)
  Joseph (D:7)
  A hornet (D:7)
  Sigmund (D:3)
  Menkaure (D:6)
  2 water moccasins (D:7)
  An ice beast (D:7)
  10 orc warriors (Bailey)
  2 black bears
  A necrophage (D:4)
  3 ogres
  3 phantoms
  A bullfrog (D:6)
  A scorpion (D:5)
  A water moccasin skeleton (D:4)
  3 wights (D:6)
  2 jellies (D:4)
  An orc priest (D:3)
  4 hounds
  4 iguanas
  An orc wizard (D:7)
  A killer bee zombie (D:6)
  6 adders
  11 gnolls
  A howler monkey skeleton (D:7)
  2 shadow imps
  2 white imps
  An ufetubus (D:5)
  2 worms
  3 dart slugs
  24 orcs
  3 endoplasms
  4 giant cockroaches
  8 goblins
  11 hobgoblins
  2 jackals (D:2)
  8 kobolds
  3 quokkas
  2 ball pythons
  3 bats
  6 rats
148 creatures vanquished.

Notes
Turn   | Place    | Note
-------+----------+-------------------------------------------
     0 | D:1      | Meow the Naga Venom Mage began the quest for the Orb.
     0 | D:1      | Reached XP level 1. HP: 15/15 MP: 3/3
     0 | D:1      | Upgraded the game from 0.27-a0-1299-g1ab19c6 to
                  | 0.27-a0-1301-g128193a
     1 | D:1      | Found a faded altar of an unknown god.
   330 | D:1      | Reached XP level 2. HP: 19/22 MP: 1/5
  1203 | D:2      | Reached XP level 3. HP: 28/28 MP: 6/6
  1207 | D:2      | Learned a level 3 spell: Mephitic Cloud
  1218 | D:2      | Reached skill level 4 in Stealth
  1551 | D:2      | Reached XP level 4. HP: 36/36 MP: 3/8
  1625 | D:2      | Learned a level 3 spell: Ignite Poison
  1782 | D:2      | Reached skill level 5 in Poison Magic
  2016 | D:3      | Reached skill level 5 in Stealth
  2110 | D:3      | Reached XP level 5. HP: 41/42 MP: 4/9
  2239 | D:3      | Noticed Sigmund
  2360 | D:3      | Killed Sigmund
  2361 | D:3      | Reached skill level 6 in Stealth
  2361 | D:3      | Reached XP level 6. HP: 49/49 MP: 4/11
  2700 | D:3      | Found a bloodstained altar of Trog.
  2715 | D:3      | Found a white marble altar of Elyvilon.
  3368 | D:4      | Found a staircase to the Ecumenical Temple.
  3389 | D:4      | Reached skill level 7 in Stealth
  3389 | D:4      | Reached XP level 7. HP: 55/55 MP: 4/13
  3702 | Temple   | Entered the Ecumenical Temple
  3896 | Temple   | Became a worshipper of Gozag Ym Sagoz the Greedy
  4077 | D:4      | Found a snail-covered altar of Cheibriados.
  4273 | D:4      | Reached skill level 8 in Stealth
  4568 | D:5      | Entered Level 5 of the Dungeon
  4607 | D:5      | Reached XP level 8. HP: 58/62 MP: 8/15
  4633 | D:5      | Reached skill level 5 in Spellcasting
  4811 | D:5      | Reached skill level 9 in Stealth
  5139 | D:5      | Noticed a gargoyle
  5328 | D:6      | Found a transporter.
  5332 | D:6      | Noticed Scriper's ghost (novice DECj)
  5332 | D:6      | Noticed a wraith
  5351 | D:6      | Found a transporter.
  5372 | D:6      | Reached skill level 10 in Stealth
  5964 | D:6      | Noticed Menkaure
  5971 | D:6      | Killed Menkaure
  5972 | D:6      | Reached XP level 9. HP: 78/78 MP: 11/18
  6308 | D:6      | Reached skill level 5 in Fighting
  6931 | D:6      | Identified 2 scrolls of acquirement
  6932 | D:6      | Acquired the +11 quick blade of the Rattlesnake {vorpal,
                  | rF+ SInv}
  6938 | D:6      | Acquired the Collected Works on Lethal Air
  6946 | D:6      | Learned a level 5 spell: Iskenderun's Battlesphere
  6988 | D:7      | Noticed a hornet
  6996 | D:7      | Killed a hornet
  6997 | D:7      | Reached skill level 1 in Conjurations
  7021 | D:7      | Noticed Joseph
  7046 | D:7      | Killed Joseph
  7173 | D:7      | Found a flagged portal.
  7273 | Bailey   | Entered a bailey
  8028 | Bailey   | Reached XP level 10. HP: 75/92 MP: 17/20
  8446 | Bailey   | Noticed an orc knight
  8548 | Bailey   | Killed an orc knight
  8883 | Bailey   | Quit the game

Illustrated notes

Levels and vault maps discovered:
D:1:      ebering_hopf_link, layout_basic,
          hellmonk_ecumenical_altar_arch_garden, grunt_decor_fettered
D:2:      layout_rooms
D:3:      layout_basic, nicolae_overflow_crystal_walls,
          overflow_temple_1_default, uniq_sigmund
D:4:      layout_basic, kennysheep_mini_moat, minmay_temple_entry_glass
D:5:      layout_basic, general_overflow_altar
D:6:      layout_layer_cave, gammafunk_ghost_arena, uniq_menkaure
D:7:      layout_rooms, enter_bailey_3, uniq_joseph
Temple:   eino_temple_scatter_basement
Bailey:   bailey_polearm_2, bailey

Skill      XL: |  1  2  3  4  5  6  7  8  9 10 |
---------------+-------------------------------+-----
Stealth        | 4 5 6 7 8 10 | 10.0
Poison Magic   | 5 6 7 8 |  8.0
Spellcasting   | 3 4 6 7 |  7.6
Fighting       | 4 6 7 |  7.4
Conjurations   | 4 |  4.9
Dodging        | |  1.5
Transmutations | |  1.0

Action                   |  1- 3 |  4- 6 |  7- 9 | 10-12 || total
-------------------------+-------+-------+-------+-------++-------
Melee: Club              |     2 |     4 |       |       ||     6
       Falchion          |       |     5 |    31 |       ||    36
       Quick blade       |       |       |    24 |    10 ||    34
Throw: Stone             |    17 |    14 |     6 |       ||    37
       Dart              |       |     1 |    19 |     1 ||    21
 Cast: Sting             |    32 |    33 |    77 |     1 ||   143
       Mephitic Cloud    |       |     6 |    39 |    12 ||    57
       Ignite Poison     |       |     2 |    22 |     2 ||    26
 Abil: Spit Poison       |    33 |    36 |    60 |     8 ||   137
Evoke: Wand              |       |       |     1 |       ||     1
  Use: Scroll            |       |     3 |     3 |       ||     6
       Potion            |       |     1 |     1 |       ||     2
 Stab: Confused          |       |       |     2 |     2 ||     4
       Distracted        |       |       |     1 |       ||     1
       Sleeping          |       |       |       |     1 ||     1
Armor: Robe              |     7 |    10 |    32 |     2 ||    51
Dodge: Dodged            |    11 |    14 |    67 |     7 ||    99
       Rpst.: Falchion   |       |     4 |    13 |       ||    17

Table legend: (Time is in decaauts)
 A = Elapsed time spent in this place.
 B = Non-inter-level travel time spent in this place.
 C = Inter-level travel time spent in this place.
 D = Time resting spent in this place.
 E = Time spent auto-exploring this place.
 F = Levels seen in this place.
 G = Mean time per level.
                   A        B        C        D        E       F      G
               +--------+--------+--------+--------+--------+-----+--------+
         Total |  10992 |  10453 |    539 |   2800 |   5720 |   9 | 1221.3 |
       Dungeon |   8937 |   8431 |    506 |   1695 |   5137 |   7 | 1276.7 |
        Temple |    286 |    254 |     32 |      0 |    252 |   1 |  286.0 |
        Bailey |   1768 |   1768 |      0 |   1105 |    331 |   1 | 1768.0 |
               +--------+--------+--------+--------+--------+-----+--------+

Top non-repeatable levels by time:
     D:6: 2264 daAuts
  Bailey: 1768 daAuts
     D:3: 1707 daAuts
     D:1: 1541 daAuts
     D:4: 1325 daAuts
     D:2: 971 daAuts
     D:5: 845 daAuts
  Temple: 286 daAuts
     D:7: 282 daAuts
